 Dungeon Sprint DCSS version bcrawl-1.15.1 (webtiles) character file.

Game seed: 9729351684491812067

716 Nivan the Unseen (level 8, -17/61 HPs)
             Began as a Human Rogue on Sept 27, 2019.
             Was an Initiate of Okawaru.
             Demolished by a soul eater (20 damage)
             ... summoned by a kobold demonologist
             ... while paralysed by a floating eye
             ... in the Dungeon (Sprint I: "Red Sonja").
             The game lasted 00:08:14 (613 turns).

Nivan the Unseen (Human Rogue)                       Turns: 613, Time: 00:08:15

Health: -17/61     AC: -5    Str: 12    XL:     8   Next: 1%
Magic:  10/12      EV:  2    Int: 11    God:    Okawaru [......]
Gold:   434        SH:  0    Dex: 17    Spells: 7/7 levels left

rFire    . . .     SeeInvis .   p - +2 dagger (chaos)
rCold    . . .     Gourm    .   (no shield)
rNeg     . . .     Faith    .   c - +0 robe
rPois    .         Spirit   .   (no helmet)
rElec    .         Reflect  .   d - +0 cloak
rCorr    .         Harm     .   (no gloves)
MR       .....     NoTele   +   (no boots)
Stlth    ++++++....             (no amulet)
HPRegen  0.20/turn              (no ring)
MPRegen  0.13/turn              (no ring)

@: paralysed, corroded
A: no striking features
a: Renounce Religion


You were in the Dungeon.
You worshipped Okawaru.
Okawaru was noncommittal.
You were not hungry.

You visited 1 branch You collected 434 gold pieces.

Inventory:

Hand Weapons
 a - a +2 dagger
 b - a +0 blowgun
 p - a +2 dagger of chaos (weapon)
 q - a +2 hunting sling of freezing
Missiles
 e - 80 poisoned needles
 r - 215 sling bullets
Armour
 c - a +0 robe (worn)
 d - a +0 cloak (worn)
 s - a +0 leather armour
Magical Staves
 u - an uncursed staff of poison {unknown}
Wands
 f - a wand of flame (15)
 g - a wand of enslavement (15)
 o - a wand of polymorph (9)
Scrolls
 n - a scroll of blinking
 t - a scroll of magic mapping {unknown}
Potions
 i - a potion of curing
 j - a potion of heal wounds
 k - a potion of haste
 l - 2 potions of magic
 m - a potion of berserk rage
Comestibles
 h - a ration {!d}


   Skills:
 + Level 4.9 Fighting
 + Level 5.2 Short Blades
 + Level 0.9 Dodging
 + Level 16.5 Stealth
 + Level 5.4 Evocations


You had 7 spell levels left.
You didn't know any spells.
Your spell library was empty.

Dungeon Overview and Level Annotations

Branches:
Dungeon (1/1)

Altars:
Cheibriados
Dithmenos
Elyvilon
Fedhas
Gozag
Hepliaklqana
Kikubaaqudgha
Lugonu
Makhleb
Nemelex Xobeh
Okawaru
Qazlal
Ru
Sif Muna
Trog
Uskayaw
Vehumet
Wu Jian
Xom
Yredelemnul
Zin
The Shining One
Jiyva

Shops:
D ?


Message History

The floating eye's view fixates on you. The rust devil hits you!
* * * LOW HITPOINT WARNING * * *
The rust devil corrodes you! The crimson imp hits you.
* * * LOW HITPOINT WARNING * * *
You barely miss the kobold demonologist.
The kobold demonologist is heavily wounded.
The kobold demonologist hits you but does no damage.
The kobold demonologist casts a spell.
The rust devil hits you.
* * * LOW HITPOINT WARNING * * *
The rust devil corrodes you! The crimson imp closely misses you.
You miss the kobold demonologist.
The crimson imp disappears in a puff of smoke!
The kobold demonologist barely misses you.
The kobold demonologist hits you but does no damage.
The floating eye gazes piercingly through you!
You suddenly lose the ability to move!
The rust devil barely misses you. The soul eater hits you!!
You die...

####################
'..#.)'..#__#.54@K5#
#.)'..#..'..'..#K35#
##'#####'#__####G.3+
#..#...#.#### #####
####..##.#
___##'#_.+
∩...'..._#
.__##_.#'#
___###+#.#


You could see a soul eater, a rust devil, 2 kobold demonologists, a sixfirhy, a
floating eye, an iron imp, a quasit and a shadow imp.

Vanquished Creatures
  A slime creature (D)
  Sigmund (D)
  A yak (D)
  A floating eye (D)
  An ogre (D)
  A jelly (D)
  Ijyb (D)
7 creatures vanquished.

Notes
Turn   | Place    | Note
-------+----------+-------------------------------------------
     0 | D        | Nivan the Human Rogue began the quest for the Orb.
     0 | D        | Reached XP level 1. HP: 16/16 MP: 2/2
     4 | D        | Noticed Ijyb
    10 | D        | Killed Ijyb
    10 | D        | Reached skill level 8 in Stealth
    10 | D        | Reached XP level 2. HP: 13/23 MP: 4/4
    10 | D        | Reached XP level 3. HP: 16/28 MP: 5/5
   238 | D        | Noticed an ogre
   241 | D        | Killed an ogre
   241 | D        | Reached skill level 10 in Stealth
   241 | D        | Reached XP level 4. HP: 32/35 MP: 6/6
   241 | D        | Reached XP level 5. HP: 38/41 MP: 7/7
   250 | D        | Noticed Sigmund
   253 | D        | Killed Sigmund
   253 | D        | Reached skill level 13 in Stealth
   253 | D        | Reached XP level 6. HP: 46/48 MP: 7/9
   265 | D        | Found an ornate altar of the Wu Jian Council.
   265 | D        | Found a shimmering blue altar of Sif Muna.
   267 | D        | Found a radiant altar of Vehumet.
   525 | D        | Found Yrches's Magic Scroll Emporium.
   525 | D        | Found an ancient bone altar of Kikubaaqudgha.
   525 | D        | Found a hazy altar of Hepliaklqana.
   525 | D        | Found a stormy altar of Qazlal.
   525 | D        | Found a hide-covered altar of Uskayaw.
   525 | D        | Found a blossoming altar of Fedhas.
   525 | D        | Found a bloodstained altar of Trog.
   525 | D        | Found an iron altar of Okawaru.
   525 | D        | Found a basalt altar of Yredelemnul.
   525 | D        | Found a glowing golden altar of the Shining One.
   525 | D        | Found a snail-covered altar of Cheibriados.
   525 | D        | Found a sacrificial altar of Ru.
   525 | D        | Found a glowing silver altar of Zin.
   525 | D        | Found a shadowy altar of Dithmenos.
   525 | D        | Found a white marble altar of Elyvilon.
   525 | D        | Noticed a yak
   526 | D        | Found an opulent altar of Gozag.
   527 | D        | Killed a yak
   527 | D        | Reached skill level 15 in Stealth
   527 | D        | Reached XP level 7. HP: 52/55 MP: 10/10
   536 | D        | Found a viscous altar of Jiyva.
   536 | D        | Found a corrupted altar of Lugonu.
   536 | D        | Noticed a slime creature
   537 | D        | Found a burning altar of Makhleb.
   537 | D        | Found a shimmering altar of Xom.
   548 | D        | Found a sparkling altar of Nemelex Xobeh.
   554 | D        | Became a worshipper of Warmaster Okawaru
   576 | D        | Killed a slime creature
   576 | D        | Reached skill level 5 in Short Blades
   576 | D        | Reached skill level 16 in Stealth
   576 | D        | Reached skill level 5 in Evocations
   589 | D        | Noticed a kobold demonologist
   590 | D        | Noticed a kobold demonologist
   593 | D        | Noticed a soul eater
   599 | D        | Paralysed by a floating eye for 3 turns
   605 | D        | Reached XP level 8. HP: 33/61 MP: 10/12
   606 | D        | Noticed a rust devil
   611 | D        | HP: 2/61 [rust devil[a kobold demonologist] (2)]
   612 | D        | Noticed a sixfirhy
   612 | D        | Paralysed by a floating eye for 3 turns
   613 | D        | Demolished by a soul eater

Skill      XL: |  1  2  3  4  5  6  7 |
---------------+----------------------+-----
Stealth        | 8 10 13 15 16 | 16.5
Fighting       | 3 4 |  4.9
Short Blades   | 3 4 5 |  5.2
Evocations     | 3 4 5 |  5.4
Dodging        | |  0.9

Action                   |  1- 3 |  4- 6 |  7- 9 || total
-------------------------+-------+-------+-------++-------
Melee: Dagger            |     5 |    11 |    19 ||    35
 Stab: Sleeping          |     2 |     2 |     1 ||     5
Armor: Robe              |       |       |     2 ||     2
Dodge: Dodged            |       |     3 |     8 ||    11
